 Dungeon Crawl Stone Soup version 0.30-a0-1018-g25214051b3 (webtiles) character file.

Game seed: 9110964030570605886

1887 kae the Cleaver (level 9, -4/105 HPs)
             Began as a Hill Orc Fighter on Apr 7, 2023.
             Was a Follower of Makhleb.
             Engulfed by a cloud of flame (10 damage)
             ... on level 6 of the Dungeon.
             The game lasted 00:03:58 (4800 turns).

kae the Cleaver (Hill Orc Fighter)                  Turns: 4800, Time: 00:03:59

Health: -4/105     AC: 24    Str: 23    XL:     9   Next: 14%
Magic:  13/13      EV:  2    Int:  8    God:    Makhleb [*.....]
Gold:   346        SH:  4    Dex: 10    Spells: 8/8 levels left

rFire   + . .      SeeInvis +    t - +0 broad axe (vamp)
rCold   . . .      Faith    .    c - +0 buckler
rNeg    . . .      Spirit   .    x - melded +4 chain mail of the Locust {rElec rC+ Str+3 Dex-2}
rPois   +          Reflect  .    (helmet currently unavailable)
rElec   .          Rampage  .    (cloak currently unavailable)
rCorr   .          NoTele   +    (gloves currently unavailable)
Will    .....                    (boots currently unavailable)
Stlth   +                        (no amulet)
HPRegen 0.37/turn                F - ring of protection from fire
MPRegen 0.13/turn                v - ring of see invisible

@: mighty, tree-form (expiring)
A: stationary, stasis, torment immunity, boosted hp
a: Renounce Religion


You were on level 6 of the Dungeon.
You worshipped Makhleb.
Makhleb was aware of your devotion.
You were a tree.
You visited 1 branch of the dungeon, and saw 6 of its levels.

You collected 346 gold pieces.


   Skills:
 - Level 3.6 Fighting
 * Level 13.7 Axes
 - Level 3.2 Armour
 - Level 3.2 Shields
 + Level 6.3 Invocations


You had 8 spell levels left.
You didn't know any spells.
Your spell library contained the following spells:

 Spells                   Type           Power      Damage    Failure   Level
 Ensorcelled Hibernation  Hex/Ice        0%         N/A       65%         2
 Dazzling Flash           Conj/Hex       0%         N/A       86%         3
 Portal Projectile        Hex/Tloc       0%         N/A       86%         3
 Spider Form              Tmut/Pois      0%         N/A       86%         3
 Tukima's Dance           Hex            0%         N/A       86%         3
 Volatile Blastmotes      Fire/Tloc      0%         2d10      86%         3
 Anguish                  Hex/Necr       0%         N/A       99%         4
 Iskenderun's Mystic Bla  Conj/Tloc      0%         2d3       99%         4
 Blade Hands              Tmut           0%         N/A       100%        5
 Starburst                Conj/Fire      0%         6d3       100%        6

Inventory:

Hand Weapons
 a - a +1 war axe
 t - a +0 vampiric broad axe (weapon)
   (You found it on level 5 of the Dungeon)
Missiles
 e - 49 stones (quivered)
 f - 5 poisoned darts
 j - 7 boomerangs
 A - a curare-tipped dart {=f}
Armour
 b - a +0 scale mail
 c - a +0 buckler (worn)
 x - the +4 chain mail of the Locust (melded) {rElec rC+ Str+3 Dex-2}
   (You found it on level 5 of the Dungeon)

   Str:       It affects your strength (+3).
   Dex:       It affects your dexterity (-2).
   rC:        It protects you from cold.
   rElec:     It insulates you from electricity.
Jewellery
 v - a ring of see invisible (right branch)
   (You found it on level 2 of the Dungeon)
 z - an amulet of magic regeneration
   (You found it on level 6 of the Dungeon)
 C - a ring of protection from cold
   (You took it off a kobold on level 3 of the Dungeon)
 F - a ring of protection from fire (left branch)
   (You found it on level 3 of the Dungeon)
Wands
 l - a wand of polymorph (6)
   (You found it on level 3 of the Dungeon)
 m - a wand of flame (10)
   (You took it off a hobgoblin on level 2 of the Dungeon)
 n - a wand of quicksilver (3)
   (You found it on level 3 of the Dungeon)
 u - a wand of digging (4)
   (You found it on level 5 of the Dungeon)
 w - a wand of paralysis (4)
   (You took it off Ijyb on level 5 of the Dungeon)
Scrolls
 g - 3 scrolls of teleportation {@r4}
 i - 3 scrolls of blinking {!r}
 q - a scroll of poison {!r}
 r - a scroll of fog
 B - a scroll of identify {@r1}
Potions
 d - a potion of might
 h - 3 potions of curing {@q1}
 k - a potion of heal wounds {@q2}
 p - a potion of lignification {!q}

Dungeon Overview and Level Annotations

Branches:
Dungeon (6/15) Zot: 26503
 Temple: D:4-7

Altars:
Elyvilon
Makhleb
Uskayaw
Wu Jian

#. #. #. #. #. #.##
#######.#### #..#
#...♣°......
..##.########.####...###
..#...........# .....
..#..############# ..##
..#..##..........# ...
..#..##.########.####.##
..#..##.#.............#
..#..##.#.######.#########.#
..#..##.#..................


There were no monsters in sight!


Message History

😕 HP[+1]
You barely miss the killer bee. The killer bee stings you.
The killer bee stings you but does no damage. 😕 HP[-1]
You take 1 damage, and now have 91/105 hp.
You closely miss the killer bee. The killer bee stings you.
The killer bee stings you but does no damage. 😕 HP[-5]
You take 5 damage, and now have 86/105 hp.
You barely miss the killer bee. The killer bee stings you!
The killer bee barely misses you. 😕 HP[-6]
You take 6 damage, and now have 80/105 hp.
You slash the killer bee!
You kill the killer bee!
Makhleb accepts your kill.
The killer bee stings you but does no damage.
Your Invocations skill increases to level 6!
You miss the killer bee.
The killer bee stings you but does no damage. x2
You slice the killer bee!! Makhleb accepts your kill.
The killer bee explodes!
The fiery explosion engulfs you! You resist.
The fiery explosion engulfs the water moccasin.
Flame seeps out of the water moccasin.
You are engulfed in blazing flames.
You resist.
The water moccasin is engulfed in blazing flames.
Flame seeps out of the water moccasin.
The water moccasin is engulfed in blazing flames.
Flame seeps out of the water moccasin.
The water moccasin bites you but does no damage. 😮 HP[-12]
You take 12 damage, and now have 68/105 hp.
You closely miss the water moccasin.
You are engulfed in blazing flames.
You resist.
The water moccasin is engulfed in blazing flames.
Flame seeps out of the water moccasin.
The water moccasin bites you but does no damage. 😮 HP[-12]
You take 12 damage, and now have 56/105 hp.
Unknown command.
You cannot move.
You are engulfed in blazing flames.
You resist.
The water moccasin is engulfed in blazing flames.
Makhleb accepts your kill.
The water moccasin explodes!
The fiery explosion engulfs you! You resist.
* * * LOW HITPOINT WARNING * * *
You feel less attractive to monsters. 😨 HP[-18]
You take 18 damage, and now have 38/105 hp.
You are engulfed in blazing flames.
You resist.
* * * LOW HITPOINT WARNING * * *
😨 HP[-4]
You take 4 damage, and now have 34/105 hp.
You are engulfed in blazing flames.
You resist.
* * * LOW HITPOINT WARNING * * *
😨 HP[-5]
You take 5 damage, and now have 29/105 hp.
You are engulfed in blazing flames.
You resist.
* * * LOW HITPOINT WARNING * * *
😨 HP[-2]
You take 2 damage, and now have 27/105 hp.
You are engulfed in blazing flames.
You resist.
* * * LOW HITPOINT WARNING * * *
😱 HP[-2]
You take 2 damage, and now have 25/105 hp.
You are engulfed in blazing flames.
You resist.
* * * LOW HITPOINT WARNING * * *
😱 HP[-3]
You take 3 damage, and now have 22/105 hp.
You are engulfed in blazing flames.
You resist.
Your transformation is almost over. 😱 HP[+1]
You are engulfed in blazing flames.
You resist.
You are engulfed in blazing flames.
You resist.
* * * LOW HITPOINT WARNING * * *
😱 HP[-5]
You take 5 damage, and now have 18/105 hp.
You are engulfed in blazing flames.
You resist.
* * * LOW HITPOINT WARNING * * *
😱 HP[-2]
You take 2 damage, and now have 16/105 hp.
You are engulfed in blazing flames.
You resist.
* * * LOW HITPOINT WARNING * * *
😱 HP[-4]
You take 4 damage, and now have 12/105 hp.
Okay, then.
You are engulfed in blazing flames.
You resist.
* * * LOW HITPOINT WARNING * * *
😱 HP[-1]
You take 1 damage, and now have 11/105 hp.
You are engulfed in blazing flames.
You resist.
* * * LOW HITPOINT WARNING * * *
😱 HP[-5]
You take 5 damage, and now have 6/105 hp.
You're standing in a cloud of flame!
You are engulfed in blazing flames.
You resist.
You die...

Skill      XL: |  1  2  3  4  5  6  7  8  9 |
---------------+----------------------------+-----
Axes           | 3 4 6 8 9 11 13 | 13.7
Invocations    | 2 5 6 |  6.3
Fighting       | |  3.6
Armour         | |  3.2
Shields        | |  3.2

Action                     |  1- 3 |  4- 6 |  7- 9 || total
---------------------------+-------+-------+-------++-------
  Melee: War axe           |    54 |    96 |    63 ||   213
         Broad axe         |       |       |    83 ||    83
  Evoke: Wand              |       |     4 |     5 ||     9
    Use: Scroll            |     3 |     3 |     4 ||    10
         Potion            |       |       |     7 ||     7
 Armour: Scale mail        |    23 |    60 |    19 ||   102
         Chain mail        |       |       |    30 ||    30
         Skin              |       |       |    23 ||    23
  Dodge: Dodged            |    28 |    59 |    49 ||   136
  Block: Buckler           |    12 |    21 |    16 ||    49

Levels and vault maps discovered:
D:1:      tarquinn_simple_flora_water_d, layout_loops_ring
D:2:      layout_basic, st_stairs_4, grunt_decor_arrowhead, uniq_terence
D:3:      layout_rooms, uniq_grinder
D:4:      layout_cave_pools, minmay_overflow_temple_star_quad,
          nzn_wu_jian_council_hall, kennysheep_generic_room_5
D:5:      layout_loops_cross, uniq_ijyb, uniq_sigmund, uniq_menkaure
D:6:      layout_basic

Notes
Turn   | Place    | Note
-------+----------+-------------------------------------------
     0 | D:1      | kae the Hill Orc Fighter began the quest for the Orb.
     0 | D:1      | Reached XP level 1. HP: 19/19 MP: 1/1
     0 | D:1      | magus.rc [v1.11.3]
    21 | D:1      | Reached skill level 3 in Axes
    93 | D:1      | Reached XP level 2. HP: 10/26 MP: 2/2
   326 | D:1      | Reached skill level 4 in Axes
   611 | D:1      | Reached XP level 3. HP: 30/31 MP: 3/3
   762 | D:2      | You fall into a shaft and drop 2 floors!
   786 | D:4      | Noticed a scorpion
   798 | D:4      | HP: 6/31 [poisoned by a scorpion]
   799 | D:4      | Killed a scorpion
   800 | D:4      | Reached skill level 6 in Axes
   800 | D:4      | Reached XP level 4. HP: 6/39 MP: 4/4
   803 | D:4      | HP: 3/39 [poisoned by a scorpion]
   805 | D:4      | HP: 1/39 [poisoned by a scorpion]
  1088 | D:3      | Reached XP level 5. HP: 31/45 MP: 5/5
  1115 | D:3      | Reached skill level 7 in Axes
  1502 | D:2      | You pick up a book of Weapons and begin reading...
  1502 | D:2      | You add the spells Tukima's Dance, Portal Projectile and
                  | Blade Hands to your library.
  1633 | D:2      | HP: 11/45 [gnoll/+0 club (3)]
  1638 | D:2      | Reached skill level 8 in Axes
  1638 | D:2      | Reached XP level 6. HP: 13/51 MP: 6/6
  1965 | D:2      | Noticed Terence
  1976 | D:2      | Killed Terence
  2408 | D:3      | You pick up a book of Spectacle and begin reading...
  2408 | D:3      | You add the spells Volatile Blastmotes, Dazzling Flash,
                  | Iskenderun's Mystic Blast and Starburst to your library.
  2434 | D:3      | Noticed Grinder
  2464 | D:3      | Killed Grinder
  2465 | D:3      | Reached skill level 9 in Axes
  2465 | D:3      | Reached XP level 7. HP: 57/57 MP: 7/7
  2723 | D:4      | You pick up a book of Dreams and begin reading...
  2723 | D:4      | You add the spells Ensorcelled Hibernation, Spider Form and
                  | Anguish to your library.
  2748 | D:4      | Reached skill level 10 in Axes
  2981 | D:4      | Found an ornate altar of the Wu Jian Council.
  3104 | D:4      | Found a burning altar of Makhleb.
  3110 | D:4      | Found a white marble altar of Elyvilon.
  3113 | D:4      | Found a hide-covered altar of Uskayaw.
  3127 | D:4      | Became a worshipper of Makhleb the Destroyer
  3257 | D:5      | Entered Level 5 of the Dungeon
  3277 | D:5      | Reached skill level 1 in Invocations
  3432 | D:5      | Noticed Sigmund
  3434 | D:5      | Killed Sigmund
  3435 | D:5      | Reached skill level 11 in Axes
  3435 | D:5      | Reached skill level 2 in Invocations
  3435 | D:5      | Reached XP level 8. HP: 64/64 MP: 8/10
  3576 | D:5      | Reached skill level 3 in Invocations
  4008 | D:5      | Identified the +4 chain mail of the Locust {rElec rC+ Str+3
                  | Dex-2}
  4041 | D:5      | Noticed Ijyb
  4049 | D:5      | Paralysed by Ijyb for 2 turns
  4055 | D:5      | Killed Ijyb
  4056 | D:5      | Reached skill level 12 in Axes
  4056 | D:5      | Reached skill level 4 in Invocations
  4146 | D:5      | Noticed Menkaure
  4153 | D:5      | Killed Menkaure
  4324 | D:6      | Reached skill level 5 in Invocations
  4330 | D:6      | Reached * piety under Makhleb
  4569 | D:6      | Reached skill level 13 in Axes
  4620 | D:6      | Reached XP level 9. HP: 70/70 MP: 13/13
  4784 | D:6      | Reached skill level 6 in Invocations
  4790 | D:6      | HP: 26/105 [cloud of flame (3)]
  4795 | D:6      | HP: 18/105 [cloud of flame (5)]
  4799 | D:6      | HP: 6/105 [cloud of flame (5)]
  4800 | D:6      | Engulfed by a cloud of flame

Vanquished Creatures
  Grinder (D:3)
  Sigmund (D:5)
  Menkaure (D:5)
  A water moccasin (D:6)
  An ice beast (D:5)
  A black bear (D:6)
  2 ogres
  A kobold brigand (D:6)
  2 scorpions
  4 killer bees
  A howler monkey (D:6)
  3 hounds
  A jelly (D:5)
  An orc priest (D:6)
  A sleepcap (D:5)
  Ijyb (D:5)
  Terence (D:2)
  3 iguanas (D:5)
  3 orc wizards
  4 gnolls (D:2)
  5 adders
  3 dart slugs
  11 orcs
  8 endoplasms
  3 giant cockroaches
  15 goblins
  3 hobgoblins
  3 jackals (D:1)
  9 kobolds
  A quokka (D:4)
  8 ball pythons
  6 bats
  A frilled lizard (D:1)
  5 rats
115 creatures vanquished.

Table legend:
 A = Non-vault XP
 B = Vault XP
 C = Vault XP percentage of total XP
 D = Non-vault monster count
 E = Vault monster count
 F = Vault count percentage of total count
                 A         B        C        D         E       F
            +---------+---------+-------+---------+---------+-------
      Total |    1815 |     882 |  32.7 |     105 |      10 |   8.7
            +---------+---------+-------+---------+---------+-------
        D:1 |      36 |       0 |   0.0 |      23 |       0 |   0.0
        D:2 |     103 |      38 |  27.0 |      16 |       3 |  15.8
        D:3 |     139 |     281 |  66.9 |      24 |       1 |   4.0
        D:4 |     141 |     129 |  47.8 |      13 |       3 |  18.8
        D:5 |     549 |     434 |  44.2 |      11 |       3 |  21.4
        D:6 |     847 |       0 |   0.0 |      18 |       0 |   0.0
            +---------+---------+-------+---------+---------+-------

Illustrated notes

Table legend:
 A = Kills in this place as a percentage of kills in the entire game.
 B = Kills by you in this place as a percentage of kills by you in the entire game.
 C = Kills by friends in this place as a percentage of kills by friends in the entire game.
 D = Other kills in this place as a percentage of other kills in the entire game.
 E = Experience gained in this place as a percentage of experience gained in the entire game.
 F = Experience gained in this place divided by the number of levels of this place that you have seen.
                   A       B       C       D       E      F
               +-------+-------+-------+-------+-------+----------------------
         Total | 100.0 | 100.0 |   N/A |   N/A | 100.0 | 449.5
       Dungeon | 100.0 | 100.0 |   N/A |   N/A | 100.0 | 449.5
               +-------+-------+-------+-------+-------+----------------------

Table legend: (Time is in decaauts)
 A = Elapsed time spent in this place.
 B = Non-inter-level travel time spent in this place.
 C = Inter-level travel time spent in this place.
 D = Time resting spent in this place.
 E = Time spent auto-exploring this place.
 F = Levels seen in this place.
 G = Mean time per level.
                   A        B        C        D        E       F      G
               +--------+--------+--------+--------+--------+-----+--------+
         Total |   4840 |   4555 |    285 |     31 |   3771 |   6 |  806.7 |
       Dungeon |   4840 |   4555 |    285 |     31 |   3771 |   6 |  806.7 |
               +--------+--------+--------+--------+--------+-----+--------+

Top non-repeatable levels by time:
     D:2: 1089 daAuts
     D:5: 1086 daAuts
     D:4: 814 daAuts
     D:1: 750 daAuts
     D:3: 641 daAuts
     D:6: 457 daAuts
